 Dungeon Crawl Stone Soup version 0.26-a0-540-g8a0c9464d7 (webtiles) character file.

58 Mitsuki the Skirmisher (level 4, 40/40 HPs)
             Began as a Hill Orc Fighter on Oct 27, 2017.
             Got out of the dungeon alive.
             The game lasted 00:06:13 (1201 turns).

Mitsuki the Skirmisher (Hill Orc Fighter)           Turns: 1201, Time: 00:06:13

Health: 40/40      AC:  9    Str: 19    XL:     4   Next: 1%
Magic:  4/4        EV:  5    Int:  8    God:
Gold:   77         SH:  9    Dex: 10    Spells: 3/3 levels left

rFire    + . .     SeeInvis .   a - +0 flail
rCold    . . .     Faith    .   c - +0 kite shield
rNeg     . . .     Spirit   .   p - +0 chain mail
rPois    .         Reflect  .   (no helmet)
rElec    .         Harm     .   (no cloak)
rCorr    .                      (no gloves)
MR       .....                  (no boots)
Stlth    ..........             (no amulet)
HPRegen  0.13/turn              q - ring of protection from fire
MPRegen  0.09/turn              (no ring)

@: no status effects
A: no striking features
a: no special abilities


You escaped.
You visited 1 branch of the dungeon, and saw 1 of its levels.

You collected 77 gold pieces.

Inventory:

Hand Weapons
 a - a +0 flail (weapon)
Armour
 b - a +0 scale mail
 c - a +0 kite shield (worn)
 p - a +0 chain mail (worn)
Jewellery
 q - a ring of protection from fire (left hand)
Scrolls
 e - a scroll of noise {unknown}
 g - a scroll of remove curse {unknown}
 i - 2 scrolls of magic mapping {unknown}
 m - a scroll of removedness
 n - a scroll of fear {unknown}
 o - 2 scrolls of teleportation {unknown}
 r - a scroll of enchant weapon {unknown}
 t - a scroll of immolation {unknown}
Potions
 d - a potion of might
 h - a potion of heal wounds {unknown}
 j - a potion of curing {unknown}
Comestibles
 f - 2 removed foods
 l - a removed food
 s - a removed food


   Skills:
 + Level 4.2 Fighting
 + Level 2.9 Maces & Flails
 + Level 3.9 Armour
 + Level 3.8 Shields


You had 3 spell levels left.
You didn't know any spells.
Your spell library was empty.

Dungeon Overview and Level Annotations

Branches:
Dungeon (1/15)

Altars:


Message History

Health restored: 40; MP restored: 4 You see here 20 bolts.
Done exploring.
Done exploring.
Saving game... please wait.
Options error: Bad object type '%}\|' for autopickup. (~/.crawlrc:1061) Welcome back, Mitsuki the Hill Orc Fighter.
Press ? for a list of commands and other information.
Save game and exit?
Options error: Bad object type '%}\|' for autopickup. (~/.crawlrc:698) Welcome back, Mitsuki the Hill Orc Fighter.
Press ? for a list of commands and other information.
Quiver which item? (- for none, * to show all) (? for menu, Esc to quit)
Okay, then.
Okay, then.
There is a staircase leading out of the dungeon here.
Are you sure you want to leave the Dungeon?
This will make you lose the game!
Uppercase [Y]es or [N]o only, please.
Are you sure you want to leave the Dungeon?
This will make you lose the game!
You have escaped!

#.#.##.#..# #..####..##....#..
##.#.##....# #........##.......
##....##.#..####.#####..#####....
......##.#..##....# #..# #...#
.....###.#..##....# #..# #...#
...### #.#........####..# #...#
...# #.#..........(...# ###...#
...# #.#..##..(.......# #......
...# #.#..##..@.####..# #......
...# #.#..##....# #..# #...).#
...# #.#..##....# #..# #.....#
...# #.#..###.### #..# #.....#
...# #.#..# #.# #..# #.....# ...#
#.#..###.######..# #.....# ...#
#.#..............# #.....# ####
#.#..............# #.....#
#.#..............# ###...#


There were no monsters in sight!

Vanquished Creatures
  3 gnolls (D:1)
  A dart slug (D:1)
  4 leopard geckos (D:1)
  2 hobgoblins (D:1)
  2 kobolds (D:1)
  A ball python (D:1)
  3 bats (D:1)
  2 frilled lizards (D:1)
  3 goblins (D:1)
  4 rats (D:1)
25 creatures vanquished.

Notes
Turn   | Place    | Note
-------+----------+-------------------------------------------
     0 | D:1      | Mitsuki the Hill Orc Fighter began the quest for the Orb.
     0 | D:1      | Reached XP level 1. HP: 19/19 MP: 1/1
    42 | D:1      | Reached XP level 2. HP: 22/27 MP: 2/2
   363 | D:1      | Reached skill level 4 in Fighting
   363 | D:1      | Reached XP level 3. HP: 28/33 MP: 3/3
  1161 | D:1      | Reached XP level 4. HP: 40/40 MP: 4/4
  1201 | D:$      | Got out of the dungeon alive.

Illustrated notes

Levels and vault maps discovered:
D:1:      dpeg_arrival_boxes_within_box, minivault_27

Skill      XL: |  1  2 |
---------------+-------+-----
Fighting       | 4 |  4.2
Maces & Flails | |  2.9
Armour         | |  3.9
Shields        | |  3.8

Action                   |  1- 3 |  4- 6 || total
-------------------------+-------+-------++-------
Melee: Flail             |   113 |       ||   113
  Eat: Removed food      |     1 |       ||     1
Armor: Scale mail        |    52 |       ||    52
       Chain mail        |    10 |       ||    10
Dodge: Dodged            |    37 |       ||    37
Block: Kite shield       |    55 |       ||    55

Table legend: (Time is in decaauts)
 A = Elapsed time spent in this place.
 B = Non-inter-level travel time spent in this place.
 C = Inter-level travel time spent in this place.
 D = Time resting spent in this place.
 E = Time spent auto-exploring this place.
 F = Levels seen in this place.
 G = Mean time per level.
                   A        B        C        D        E       F      G
               +--------+--------+--------+--------+--------+-----+--------+
         Total |   1240 |   1233 |      7 |      0 |    966 |   1 | 1240.0 |
       Dungeon |   1240 |   1233 |      7 |      0 |    966 |   1 | 1240.0 |
               +--------+--------+--------+--------+--------+-----+--------+

Top non-repeatable levels by time:
     D:1: 8 daAuts
Note: time per level data comes from an upgraded game and may be incomplete.
